 Dungeon Crawl Stone Soup version 0.29-a0-1009-g60c99734e7 (webtiles) character file.

Game seed: 11067069498766314539

529 Mesmaeker13 the Insei (level 7, 0/43 HPs)
             Began as an Octopode Transmuter on Aug 8, 2022.
             Slain by an orc wizard
             ... wielding a +0 dagger
              (1 damage)
             ... on level 3 of the Dungeon.
             The game lasted 00:04:41 (4782 turns).

Mesmaeker13 the Insei (Octopode Transmuter)         Turns: 4782, Time: 00:04:42

Health: 0/43       AC:  1    Str:  7 (9)  XL:     7   Next: 24%
Magic:  10/13      EV: 13    Int: 16 (18) God:
Gold:   102        SH:  0    Dex:  9 (12) Spells: 8/14 levels left

rFire   . . .      SeeInvis .     - Unarmed
rCold   . . .      Faith    .   (no shield)
rNeg    . . .      Spirit   .   (helmet restricted)
rPois   .          Reflect  .   (no amulet)
rElec   .          Harm     .   (no ring)
rCorr   .          Rampage  .   (no ring)
Will    .....                   (no ring)
Stlth   ++........              (no ring)
HPRegen 0.14/turn               (no ring)
MPRegen 0.13/turn               (no ring)
                                (no ring)
                                (no ring)

@: wereblooded, hasted, very quick
A: almost no armour, amphibious, 8 rings, camouflage 1, gelatinous body 1,
(nimble swimmer 1), tentacles
a: no special abilities


You were on level 3 of the Dungeon.
You visited 1 branch of the dungeon, and saw 3 of its levels.

You collected 102 gold pieces.

Inventory:

Scrolls
 b - a scroll of noise {unknown}
 c - a scroll of blinking
 d - a scroll of magic mapping {unknown}
 j - a scroll of amnesia {unknown}
 m - a scroll of silence {unknown}
 n - a scroll of teleportation {unknown}
Potions
 a - a potion of lignification
 e - a potion of might {unknown}
 f - a potion of berserk rage
 g - 2 potions of ambrosia
 h - a potion of degeneration
 l - a potion of brilliance {unknown}


   Skills:
 - Level 1.0 Fighting
 - Level 2.0 Dodging
 + Level 4.8 Unarmed Combat
 + Level 4.0 Spellcasting
 + Level 4.3 Transmutations
 + Level 3.4 Poison Magic


You had 8 spell levels left.
You knew the following spells:

 Your Spells              Type           Power      Damage    Failure   Level
a - Beastly Appendage     Tmut           34%        N/A       2%          1
b - Wereblood             Tmut           17%        N/A       4%          2
c - Spider Form           Tmut/Pois      15%        N/A       11%         3

Your spell library contained the following spells:

 Spells                   Type           Power      Damage    Failure   Level
 Magic Dart               Conj           12%        1d3       17%         1
 Call Imp                 Summ           3%         N/A       26%         2
 Mephitic Cloud           Conj/Pois/Air  6%         N/A       32%         3
 Summon Guardian Golem    Hex/Summ       3%         N/A       45%         3
 Ice Form                 Ice/Tmut       10%        N/A       56%         4
 Orb of Destruction       Conj           1%         9d5       100%        7
 Spellforged Servitor     Conj/Summ      1%         N/A       100%        7


Dungeon Overview and Level Annotations

Branches:
Dungeon (3/15)

Altars:
Xom

Annotations:
D:3 1 runed translucent door, Crazy Yiuf


Innate Abilities, Weirdness & Mutations

You cannot wear most types of armour.
You are amphibious.
You can wear up to eight rings at the same time.
Your skin changes colour to match your surroundings (Stealth+).
Your rubbery body absorbs attacks. (AC +1, EV +1)
((You are camouflaged when in or above water. (Stealth+)))
You have tentacles for arms and can constrict up to eight enemies at once.


Message History

You hear some strange, mumbled words.
A puff of flame appears from out of thin air!
The puff of flame misses you.
You bump into the rock wall.
You hiss as the wereblood boils in your veins!
You hear an angry hiss.
You hear a bark!
The frilled lizard barely misses you. Something hits you.
You bump into the rock wall.
The frilled lizard bites you. Something hits you.
You feel better. The frilled lizard misses you. Something barely misses you.
You hit the frilled lizard.
You feel a bit better.
You kill the frilled lizard!
A jackal comes into view.
Something hits you but does no damage.
You bite the orc!
You feel a bit better.
You kill the orc!
You hear a bark!
Something hits you.
You closely miss something.
You hear an angry hiss.
The orc wizard casts a spell at you. The magic dart hits you!
* * * LOW HITPOINT WARNING * * *
Something hits you.
* * * LOW HITPOINT WARNING * * *
You barely miss the orc wizard.
The orc wizard hits you with a +0 dagger.
* * * LOW HITPOINT WARNING * * *
Something hits you.
* * * LOW HITPOINT WARNING * * *
It was a potion of degeneration.
There was something very wrong with that liquid.
You feel weakened.
You feel dopey.
You feel clumsy.
You hear a bark!
The orc wizard casts a spell at you. You resist with some effort.
Something hits you.
* * * LOW HITPOINT WARNING * * *
It was a potion of haste.
You feel yourself speed up.
Your transformation has ended.
The orc wizard hits you with a +0 dagger.
You die...

## #. #. .. ##
#. ...######. ##
.g..... ## #.ho#
#. #o## ..# #.
#@{### #.# #.
##...##### #.#
## ###.....# #.#
# #####.###.#
#..##.#
##..#.###
########
##.....### ###
#......#########
###.#.... #.##
#..............#
#.####.


You could see an orc wizard, an orc and a jackal.

Vanquished Creatures
  Sigmund (D:3)
  3 orc priests
  Ijyb (D:3)
  Terence (D:2)
  Natasha (thrice) (D:3 D:2)
  2 orc wizards (D:3)
  3 adders
  2 worms (D:2)
  A dart slug (D:2)
  10 orcs
  2 endoplasms (D:2)
  4 giant cockroaches
  2 hobgoblins
  4 jackals
  7 kobolds
  3 quokkas (D:1)
  7 ball pythons
  10 bats
  2 frilled lizards
  6 goblins
  13 rats
87 creatures vanquished.

Notes
Turn   | Place    | Note
-------+----------+-------------------------------------------
     0 | D:1      | Mesmaeker13 the Octopode Transmuter began the quest for the
                  | Orb.
     0 | D:1      | Reached XP level 1. HP: 13/13 MP: 3/3
    74 | D:1      | Reached XP level 2. HP: 9/18 MP: 3/5
   862 | D:1      | Reached XP level 3. HP: 23/23 MP: 4/6
  1065 | D:1      | Found a faded altar of an unknown god.
  1198 | D:2      | Noticed Terence
  1220 | D:1      | Learned a level 2 spell: Wereblood
  1530 | D:1      | Learned a level 3 spell: Spider Form
  1542 | D:2      | Killed Terence
  1543 | D:2      | Reached XP level 4. HP: 12/28 MP: 4/8
  2440 | D:2      | Reached skill level 1 in Poison Magic
  2817 | D:3      | Found a shimmering altar of Xom.
  2825 | D:3      | Noticed Natasha
  3003 | D:3      | Killed Natasha
  3004 | D:3      | Reached XP level 5. HP: 33/33 MP: 5/9
  3226 | D:3      | Noticed Sigmund
  3277 | D:3      | Noticed Natasha
  3287 | D:2      | Killed Natasha
  3535 | D:2      | Noticed Natasha
  3546 | D:2      | Killed Natasha
  3547 | D:2      | Reached XP level 6. HP: 35/38 MP: 7/11
  3791 | D:3      | Killed Sigmund
  4116 | D:3      | Reached XP level 7. HP: 21/43 MP: 9/12
  4657 | D:3      | Found a runed translucent door.
  4658 | D:3      | Noticed Crazy Yiuf
  4754 | D:3      | Noticed Ijyb
  4770 | D:3      | Killed Ijyb
  4781 | D:3      | HP: 1/43 [something (2)]
  4782 | D:3      | Slain by an orc wizard

Illustrated notes

Levels and vault maps discovered:
D:1:      dpeg_arrival_ratfight, layout_loops_cross,
          shapermc_ecumenical_altar_mp_vishouse, minmay_curled_crystal,
          nicolae_kite_square_tiling_tiny, kennysheep_another_room
D:2:      layout_loops_ring, minmay_misc_feat_columns, minmay_heptomino_w4,
          uniq_terence
D:3:      layout_rooms, xom_teletrap_fun, uniq_ijyb, uniq_sigmund,
          uniq_crazy_yiuf_cottage, uniq_natasha

Skill      XL: |  1  2  3  4  5  6  7 |
---------------+----------------------+-----
Transmutations | 3 4 |  4.3
Poison Magic   | 1 2 3 |  3.4
Spellcasting   | 3 4 |  4.0
Unarmed Combat | 4 |  4.8
Fighting       | |  1.0
Dodging        | |  2.0

Action                   |  1- 3 |  4- 6 |  7- 9 || total
-------------------------+-------+-------+-------++-------
Melee: Unarmed           |    72 |    99 |    43 ||   214
       Constrict         |    24 |    16 |     4 ||    44
       Kick              |    13 |    15 |     1 ||    29
       Tentacles         |     8 |    11 |     1 ||    20
       Punch             |     1 |     1 |       ||     2
 Cast: Beastly Appendage |    23 |    11 |     1 ||    35
       Spider Form       |     1 |     7 |     4 ||    12
       Wereblood         |       |     2 |     2 ||     4
  Use: Scroll            |     4 |       |       ||     4
       Potion            |       |     1 |     3 ||     4
 Stab: Sleeping          |     4 |     1 |       ||     5
Armor: Skin              |     8 |     8 |     4 ||    20
Dodge: Dodged            |    58 |    83 |    39 ||   180

Table legend: (Time is in decaauts)
 A = Elapsed time spent in this place.
 B = Non-inter-level travel time spent in this place.
 C = Inter-level travel time spent in this place.
 D = Time resting spent in this place.
 E = Time spent auto-exploring this place.
 F = Levels seen in this place.
 G = Mean time per level.
                   A        B        C        D        E       F      G
               +--------+--------+--------+--------+--------+-----+--------+
         Total |   4779 |   4562 |    217 |   1443 |   2465 |   3 | 1593.0 |
       Dungeon |   4779 |   4562 |    217 |   1443 |   2465 |   3 | 1593.0 |
               +--------+--------+--------+--------+--------+-----+--------+

Top non-repeatable levels by time:
     D:2: 2482 daAuts
     D:1: 1254 daAuts
     D:3: 1042 daAuts
